APL (24 & UNDER)
SAVANNAH HOGS @ KENOSHA KINGFISH
08/01/2030
 
TOP OF THE 1ST
Savannah Hogs batting - Pitching for Kenosha Kingfish : RHP Raúl Cruz
Pitching: RHP Raúl Cruz
Batting: SHB David Bennett 0-0: Called Strike
0-1: Ball
1-1: Ball
2-1: SINGLE (Flyball, 34D)
Batting: SHB Ramón Minas 0-0: Ground out U3 (Groundball, 3)
David Bennett to second
Batting: SHB Juan Chávez 0-0: Ball
1-0: Ball
2-0: Called Strike
2-1: Ball
3-1: Base on Balls
Batting: RHB Pedro Cuevas 0-0: Called Strike
0-1: Foul Ball, location: 2F
0-2: Foul Ball, location: 2F
0-2: Ball
1-2: Foul Ball, location: 2F
1-2: Foul Ball, location: 2F
1-2: Strikes out swinging
Batting: RHB Louis Miller 0-0: Called Strike
0-1: Swinging Strike
0-2: Foul Ball, location: 2F
0-2: Fly out, F9 (Flyball, 9)
Top of the 1st over - 0 runs, 1 hit, 0 errors, 2 left on base; Savannah 0 - Kenosha 0
BOTTOM OF THE 1ST
Kenosha Kingfish batting - Pitching for Savannah Hogs : RHP Leo Blackley
Pitching: RHP Leo Blackley
Batting: RHB Armando Arellano 0-0: Ground out 6-3 (Groundball, 6)
Batting: LHB Jerry Benjamin 0-0: Ball
1-0: Ball
2-0: Ball
3-0: Called Strike
3-1: Foul Ball, location: 2F
3-2: Base on Balls
Batting: LHB Juan Rodríguez 0-0: Ball
1-0: Called Strike
1-1: SINGLE (Groundball, 34D)
Jerry Benjamin to second
Runner from 2nd tries for 3rd, SAFE, throw made to third
Batting: LHB Luis Martínez 0-0: Ball
Wild Pitch!
Jerry Benjamin scores
Juan Rodríguez to second
1-0: Foul Ball, location: 2F
1-1: Foul Ball, location: 2F
1-2: Foul Ball, location: 2F
1-2: Foul Ball, location: 2F
1-2: Ground out 5-3 (Groundball, 56)
Batting: RHB Millard Ferguson 0-0: Foul Ball, location: 2F
0-1: Ball
1-1: 2-RUN HOME RUN (Line Drive, 7LD), Distance : 357 ft
Batting: RHB Juan Escalante 0-0: Foul Ball, location: 2F
0-1: Ball
1-1: Ball
2-1: Bunt for hit - play at first, batter safe!
Batting: RHB Fernando Martínez 0-0: Ball
1-0: SINGLE (Line Drive, 4D)
Juan Escalante to second
Runner from 2nd tries for 3rd, SAFE, no throw
Batting: LHB Josh Peterson 0-0: Ball
1-0: Fielders Choice at 2nd, U4 (Groundball, 4M)
Bottom of the 1st over - 3 runs, 4 hits, 0 errors, 2 left on base; Savannah 0 - Kenosha 3
TOP OF THE 2ND
Savannah Hogs batting - Pitching for Kenosha Kingfish : RHP Raúl Cruz
Batting: SHB Gilberto Acevedo 0-0: Called Strike
0-1: Ball
1-1: Swinging Strike
1-2: Foul Ball, location: 2F
1-2: Strikes out swinging
Batting: RHB Mike Russell 0-0: Called Strike
0-1: Ball
1-1: Swinging Strike
1-2: Ball
2-2: Strikes out swinging
Batting: RHB Juan Morales 0-0: Bunted foul
0-1: Called Strike
0-2: Ball
1-2: Ball
2-2: Ground out U3 (Groundball, 34)
Top of the 2nd over - 0 runs, 0 hits, 0 errors, 0 left on base; Savannah 0 - Kenosha 3
BOTTOM OF THE 2ND
Kenosha Kingfish batting - Pitching for Savannah Hogs : RHP Leo Blackley
Batting: RHB Charlie Guzmén 0-0: Called Strike
0-1: Foul Ball, location: 2F
0-2: Hit by Pitch
Batting: RHB Armando Arellano 0-0: Ball
1-0: Called Strike
1-1: Foul Ball, location: 2F
1-2: Foul Ball, location: 2F
1-2: Ball
2-2: Ball
3-2: Foul Ball, location: 2F
3-2: Foul Ball, location: 2F
3-2: Strikes out swinging
Batting: LHB Jerry Benjamin 0-0: Ball
1-0: Fielders Choice at 2nd, 5-4 (Groundball, 56)
Batting: LHB Juan Rodríguez 0-0: Ball
Jerry Benjamin is caught stealing 2nd base
Bottom of the 2nd over - 0 runs, 0 hits, 0 errors, 0 left on base; Savannah 0 - Kenosha 3
TOP OF THE 3RD
Savannah Hogs batting - Pitching for Kenosha Kingfish : RHP Raúl Cruz
Batting: RHB Miguel Martínez 0-0: Bunt for hit - play at first, batter safe!
Batting: SHB David Bennett 0-0: Ball
1-0: Ball
2-0: Foul Ball, location: 2F
2-1: Called Strike
2-2: Strikes out swinging
Batting: SHB Ramón Minas 0-0: Ball
1-0: SINGLE (Groundball, 5D)
Miguel Martínez to second
Batting: SHB Juan Chávez 0-0: Called Strike
0-1: Ball
1-1: Grounds into double play, 6-4-3 (Groundball, 6)
Top of the 3rd over - 0 runs, 2 hits, 0 errors, 1 left on base; Savannah 0 - Kenosha 3
BOTTOM OF THE 3RD
Kenosha Kingfish batting - Pitching for Savannah Hogs : RHP Leo Blackley
Batting: LHB Juan Rodríguez 0-0: Ball
1-0: Foul Ball, location: 2F
1-1: Foul Ball, location: 2F
1-2: Ball
2-2: Strikes out swinging
Batting: LHB Luis Martínez 0-0: Fly out, F7 (Flyball, 7LM)
Batting: RHB Millard Ferguson 0-0: Called Strike
0-1: Ball
1-1: Ball
2-1: Ground out 4-3 (Groundball, 4)
Bottom of the 3rd over - 0 runs, 0 hits, 0 errors, 0 left on base; Savannah 0 - Kenosha 3
TOP OF THE 4TH
Savannah Hogs batting - Pitching for Kenosha Kingfish : RHP Raúl Cruz
Batting: RHB Pedro Cuevas 0-0: Swinging Strike
0-1: Ball
1-1: Foul Ball, location: 2F
1-2: Ball
2-2: Foul Ball, location: 2F
2-2: Reached on error, E4 (Groundball, 4)
Batting: RHB Louis Miller 0-0: Foul Ball, location: 2F
0-1: Foul Ball, location: 2F
0-2: Ball
1-2: Foul Ball, location: 2F
1-2: Foul Ball, location: 2F
1-2: SINGLE (Flyball, 9S)
Pedro Cuevas to third
Runner from 3rd tries for Home, SAFE, no throw
Batting: SHB Gilberto Acevedo 0-0: Ball
1-0: Ball
2-0: Ball
3-0: Called Strike
3-1: Swinging Strike
3-2: Base on Balls
Louis Miller to second
Batting: RHB Mike Russell 0-0: Ground out 6-3 (Groundball, 6MS)
Louis Miller to third
Gilberto Acevedo to second
Batting: RHB Juan Morales 0-0: Called Strike
0-1: Swinging Strike
0-2: Ball
1-2: Ball
2-2: Strikes out swinging
Batting: RHB Miguel Martínez 0-0: 3-RUN HOME RUN (Line Drive, 7D), Distance : 399 ft
Batting: SHB David Bennett 0-0: Ball
1-0: Called Strike
1-1: Ball
2-1: Foul Ball, location: 2F
2-2: Foul Ball, location: 2F
2-2: Ball
3-2: Fly out, F7 (Flyball, 7S)
Top of the 4th over - 4 runs, 2 hits, 1 error, 0 left on base; Savannah 4 - Kenosha 3
BOTTOM OF THE 4TH
Kenosha Kingfish batting - Pitching for Savannah Hogs : RHP Leo Blackley
Batting: RHB Juan Escalante 0-0: Ball
1-0: Ball
2-0: Called Strike
2-1: Ground out 6-3 (Groundball, 6)
Batting: RHB Fernando Martínez 0-0: Ball
1-0: Swinging Strike
1-1: Called Strike
1-2: Foul Ball, location: 2F
1-2: SINGLE (Groundball, 2L) (infield hit)
Batting: LHB Josh Peterson 0-0: Called Strike
0-1: Foul Ball, location: 2F
0-2: Foul Ball, location: 2F
0-2: Ball
1-2: Reached on error, E1 (Groundball, P)
Fernando Martínez to second
Batting: RHB Charlie Guzmén 0-0: Ball
1-0: Ball
2-0: Foul Ball, location: 2F
2-1: Foul Ball, location: 2F
2-2: SINGLE (Groundball, 4M) (infield hit)
Fernando Martínez to third
Josh Peterson to second
Batting: RHB Armando Arellano 0-0: Called Strike
0-1: Swinging Strike
0-2: Strikes out swinging
Batting: LHB Jerry Benjamin 0-0: Foul Ball, location: 2F
0-1: Called Strike
0-2: SINGLE (Groundball, 34D)
Fernando Martínez scores
Josh Peterson to third
Charlie Guzmén to second
Runner from 3rd tries for Home, SAFE, no throw
Pitching: RHP Fernando Vázquez
Batting: LHB Juan Rodríguez 0-0: Foul Ball, location: 2F
0-1: Foul Ball, location: 2F
0-2: Foul Ball, location: 2F
0-2: SINGLE (Groundball, 34D)
Charlie Guzmén to third
Jerry Benjamin to second
Runner from 3rd tries for Home, SAFE, no throw
Batting: LHB Luis Martínez 0-0: Ball
1-0: Fly out, F8 (Flyball, 8LD)
Bottom of the 4th over - 3 runs, 4 hits, 1 error, 2 left on base; Savannah 4 - Kenosha 6
TOP OF THE 5TH
Savannah Hogs batting - Pitching for Kenosha Kingfish : RHP Raúl Cruz
Batting: SHB Ramón Minas 0-0: Ball
1-0: SINGLE (Line Drive, 89S)
Batting: SHB Juan Chávez 0-0: Ball
1-0: Called Strike
Ramón Minas is caught stealing 2nd base
1-1: Swinging Strike
1-2: Ball
2-2: Ball
3-2: Foul Ball, location: 2F
3-2: Ground out 4-3 (Groundball, 4)
Batting: RHB Pedro Cuevas 0-0: Called Strike
0-1: Foul Ball, location: 2F
0-2: DOUBLE (Line Drive, 9LM)
Batting: RHB Louis Miller 0-0: Swinging Strike
0-1: Foul Ball, location: 2F
0-2: Foul Ball, location: 2F
0-2: Ball
1-2: Foul Ball, location: 2F
1-2: Foul Ball, location: 2F
1-2: Ball
2-2: Foul Ball, location: 2F
2-2: Strikes out swinging
Top of the 5th over - 0 runs, 2 hits, 0 errors, 1 left on base; Savannah 4 - Kenosha 6
BOTTOM OF THE 5TH
Kenosha Kingfish batting - Pitching for Savannah Hogs : RHP Fernando Vázquez
Batting: RHB Millard Ferguson 0-0: Ball
1-0: Swinging Strike
1-1: Foul Ball, location: 2F
1-2: Foul Ball, location: 2F
1-2: Ball
2-2: Hit by Pitch
Batting: RHB Juan Escalante 0-0: Ground out U3 (Groundball, 34S)
Millard Ferguson to second
Batting: RHB Fernando Martínez 0-0: Ball
1-0: Ball
2-0: Fly out, F8 (Line Drive, 89M)
Batting: LHB Josh Peterson 0-0: Called Strike
0-1: Ground out 4-3 (Groundball, 4)
Bottom of the 5th over - 0 runs, 0 hits, 0 errors, 1 left on base; Savannah 4 - Kenosha 6
TOP OF THE 6TH
Savannah Hogs batting - Pitching for Kenosha Kingfish : RHP Raúl Cruz
Pitching: RHP Greg Woods
Batting: SHB Gilberto Acevedo 0-0: SINGLE (Line Drive, 34D)
Batting: RHB Mike Russell 0-0: Ball
1-0: Ball
2-0: Called Strike
2-1: Ball
3-1: Foul Ball, location: 2F
3-2: SINGLE (Groundball, 56S) (infield hit)
Gilberto Acevedo to second
Batting: RHB Juan Morales 0-0: Called Strike
Gilberto Acevedo steals 3rd base
0-1: Ground out U3 (Groundball, 34)
Gilberto Acevedo scores
Mike Russell to second
Batting: RHB Miguel Martínez 0-0: Foul Ball, location: 2F
0-1: Ball
1-1: Foul Ball, location: 2F
1-2: Ball
2-2: Strikes out swinging
Batting: SHB David Bennett 0-0: Ball
1-0: SINGLE (Groundball, 4MD)
Mike Russell to third
Runner from 3rd tries for Home, SAFE, no throw
Pitching: LHP José Carlos
Batting: SHB Ramón Minas 0-0: Called Strike
0-1: Called Strike
0-2: Ball
1-2: Ball
2-2: Ball
3-2: Strikes out looking
Top of the 6th over - 2 runs, 3 hits, 0 errors, 1 left on base; Savannah 6 - Kenosha 6
BOTTOM OF THE 6TH
Kenosha Kingfish batting - Pitching for Savannah Hogs : RHP Fernando Vázquez
Batting: RHB Charlie Guzmén 0-0: Ball
1-0: Fly out, F7 (Flyball, 7S)
Batting: RHB Armando Arellano 0-0: Foul Ball, location: 2F
0-1: Ground out 5-3 (Groundball, 56S)
Batting: LHB Jerry Benjamin 0-0: Ball
1-0: Called Strike
1-1: Foul Ball, location: 2F
1-2: Ball
2-2: Strikes out swinging
Bottom of the 6th over - 0 runs, 0 hits, 0 errors, 0 left on base; Savannah 6 - Kenosha 6
TOP OF THE 7TH
Savannah Hogs batting - Pitching for Kenosha Kingfish : LHP José Carlos
Batting: SHB Juan Chávez 0-0: Called Strike
0-1: Ball
1-1: Swinging Strike
1-2: Ball
2-2: Foul Ball, location: 2F
2-2: Strikes out swinging
Batting: RHB Pedro Cuevas 0-0: Ball
1-0: Ball
2-0: Called Strike
2-1: Ball
3-1: Called Strike
3-2: Base on Balls
Pinch Hitting: RHB Wilson Ortíz 0-0: 2-RUN HOME RUN (Flyball, 7LD), Distance : 351 ft
Pitching: RHP Alexander Lynch
Batting: SHB Gilberto Acevedo 0-0: Ball
1-0: Called Strike
1-1: Foul Ball, location: 2F
1-2: Strikes out looking
Batting: RHB Mike Russell 0-0: Ball
1-0: SINGLE (Groundball, 6MD)
Batting: RHB Juan Morales 0-0: Called Strike
0-1: Ball
Mike Russell steals 2nd base
1-1: Swinging Strike
1-2: Ball
2-2: Ball
3-2: Base on Balls
Pinch Hitting: LHB Felipe Franco 0-0: 3-RUN HOME RUN (Flyball, 9LD), Distance : 338 ft
Pitching: RHP Alberto Olivarez
Batting: SHB David Bennett 0-0: Ball
1-0: Called Strike
1-1: Fly out, F8 (Flyball, 8RM)
Top of the 7th over - 5 runs, 3 hits, 0 errors, 0 left on base; Savannah 11 - Kenosha 6
BOTTOM OF THE 7TH
Kenosha Kingfish batting - Pitching for Savannah Hogs : RHP Fernando Vázquez
Now at SS: António Rodríguez
Now in LF: Felipe Franco
Batting: LHB Juan Rodríguez 0-0: SINGLE (Line Drive, 78S)
Batting: LHB Luis Martínez 0-0: Swinging Strike
0-1: Swinging Strike
0-2: Foul Ball, location: 2F
0-2: Strikes out swinging
Batting: RHB Millard Ferguson 0-0: Fly out, F7 (Flyball, 7S)
Batting: RHB Juan Escalante 0-0: Ball
1-0: Ball
2-0: Foul Ball, location: 2F
2-1: Ball
3-1: Ground out 3-1 (Groundball, 34S)
Bottom of the 7th over - 0 runs, 1 hit, 0 errors, 1 left on base; Savannah 11 - Kenosha 6
TOP OF THE 8TH
Savannah Hogs batting - Pitching for Kenosha Kingfish : RHP Alberto Olivarez
Batting: SHB Ramón Minas 0-0: Ball
1-0: SINGLE (Line Drive, 6M)
Batting: SHB Juan Chávez 0-0: Ball
1-0: Ball
2-0: Ball
3-0: Called Strike
3-1: SINGLE (Flyball, 6D)
Ramón Minas to second
Batting: RHB Pedro Cuevas 0-0: Called Strike
Ramón Minas steals 3rd base
Juan Chávez to second
0-1: Swinging Strike
0-2: Ground out 4-3 (Groundball, 4)
Batting: RHB António Rodríguez 0-0: Ball
Wild Pitch!
Ramón Minas scores
Juan Chávez to third
1-0: Ball
2-0: Foul Ball, location: 2F
2-1: Swinging Strike
2-2: SINGLE (Line Drive, 5)
Juan Chávez scores
Batting: SHB Gilberto Acevedo 0-0: Ball
1-0: Ball
António Rodríguez steals 2nd base
2-0: 2-RUN HOME RUN (Line Drive, 89XD), Distance : 439 ft
Batting: RHB Mike Russell 0-0: Foul Ball, location: 2F
0-1: Ball
1-1: Swinging Strike
1-2: Ball
2-2: Foul Ball, location: 2F
2-2: Strikes out swinging
Batting: RHB Juan Morales 0-0: Ball
1-0: Foul Ball, location: 2F
1-1: Ball
2-1: Foul Ball, location: 2F
2-2: Fly out, F9 (Flyball, 9LS)
Top of the 8th over - 4 runs, 4 hits, 0 errors, 0 left on base; Savannah 15 - Kenosha 6
BOTTOM OF THE 8TH
Kenosha Kingfish batting - Pitching for Savannah Hogs : RHP Fernando Vázquez
Batting: RHB Fernando Martínez 0-0: Ground out 6-3 (Groundball, 6)
Batting: LHB Josh Peterson 0-0: Foul Ball, location: 2F
0-1: Swinging Strike
0-2: Ball
1-2: SINGLE (Groundball, 34S) (infield hit)
Batting: RHB Charlie Guzmén 0-0: Ball
1-0: Swinging Strike
1-1: Foul Ball, location: 2F
1-2: SINGLE (Groundball, 4D)
Josh Peterson to second
Runner from 2nd tries for 3rd, OUT!
Charlie Guzmén to second
Batting: RHB Armando Arellano 0-0: Ball
1-0: Foul Ball, location: 2F
1-1: Called Strike
1-2: Foul Ball, location: 2F
1-2: SINGLE (Groundball, 6MD)
Charlie Guzmén to third
Runner from 3rd tries for Home, SAFE, throw made home
Batting: LHB Jerry Benjamin 0-0: Called Strike
0-1: Ball
1-1: Foul Ball, location: 2F
1-2: 2-RUN HOME RUN (Flyball, 78D), Distance : 423 ft
Pitching: RHP Fernando Barrios
Batting: LHB Juan Rodríguez 0-0: Ball
1-0: Ball
2-0: Ball
3-0: Base on Balls
Batting: LHB Luis Martínez 0-0: Ball
1-0: Foul Ball, location: 2F
1-1: Reached on error, E3 (Groundball, 23)
Juan Rodríguez to second
Batting: RHB Millard Ferguson 0-0: Called Strike
0-1: Ball
1-1: Foul Ball, location: 2F
1-2: Strikes out swinging
Bottom of the 8th over - 3 runs, 4 hits, 1 error, 2 left on base; Savannah 15 - Kenosha 9
TOP OF THE 9TH
Savannah Hogs batting - Pitching for Kenosha Kingfish : RHP Alberto Olivarez
Pitching: RHP Ed Weaver
Batting: LHB Felipe Franco 0-0: Ball
1-0: Swinging Strike
1-1: Called Strike
1-2: Strikes out swinging
Batting: SHB David Bennett 0-0: Fly out, F5 (Popup, 5SF)
Batting: SHB Ramón Minas 0-0: Ball
1-0: Ground out U3 (Groundball, 3)
Top of the 9th over - 0 runs, 0 hits, 0 errors, 0 left on base; Savannah 15 - Kenosha 9
BOTTOM OF THE 9TH
Kenosha Kingfish batting - Pitching for Savannah Hogs : RHP Fernando Barrios
Batting: RHB Juan Escalante 0-0: Called Strike
0-1: Ball
1-1: Called Strike
1-2: Foul Ball, location: 2F
1-2: Fly out, F7 (Flyball, 78D)
Batting: RHB Fernando Martínez 0-0: Ball
1-0: Called Strike
1-1: Fly out, F4 (Line Drive, 4)
Batting: LHB Josh Peterson 0-0: Called Strike
0-1: Ball
1-1: Fly out, F9 (Flyball, 89XD)
Bottom of the 9th over - 0 runs, 0 hits, 0 errors, 0 left on base; Savannah 15 - Kenosha 9
Saturday, April 7th, 2018 - OOTP Baseball 18.8 Build 76